 Dungeon Crawl Stone Soup version 0.21.1-1-g345015fe64 (webtiles) character file.

134 KleinerIrrer the Chopper (level 5, -1/35 HPs)
             Began as an Octopode Transmuter on Apr 18, 2018.
             Slain by a quasit (2 damage)
             ... while paralysed
             ... on level 2 of the Dungeon.
             The game lasted 00:01:45 (3004 turns).

KleinerIrrer the Chopper (Octopode Transmuter)      Turns: 3004, Time: 00:01:46

Health: -1/35      AC:  1    Str:  9      XL:     5   Next: 17%
Magic:  8/8        EV:  2    Int: 16      God:
Gold:   58         SH:  0    Dex:  0 (13) Spells: 7/8 levels left

rFire    . . .     SeeInvis .   Y - -1 hand axe
rCold    . . .     Gourm    .   (no shield)
rNeg     . . .     Faith    .   (helmet restricted)
rPois    .         Spirit   .   (no amulet)
rElec    .         Reflect  .   (no ring)
rCorr    .         Harm     .   (no ring)
MR       .....                  (no ring)
Stlth    ..........             (no ring)
HPRegen  0.11/turn              (no ring)
MPRegen  0.11/turn              (no ring)
                                (no ring)
                                (no ring)

@: paralysed, appendage (expiring), slowed, lost dexterity
A: almost no armour, stealthy swim, amphibious, 8 rings, constrict 8, tentacle
spike 3, camouflage 1, gelatinous body 1
a: End Transformation


You were on level 2 of the Dungeon.
You were not hungry.
One of your tentacles had a temporary spike.
You visited 1 branch of the dungeon, and saw 2 of its levels.

You collected 58 gold pieces.


Innate Abilities, Weirdness & Mutations

You cannot wear most types of armour.
You are very stealthy in the water. (Stealth+)
You are amphibious.
You can wear up to eight rings at the same time.
You can use your tentacles to constrict eight enemies at once.
Your skin changes colour to match your surroundings (Stealth+).
Your rubbery body absorbs attacks. (AC +1, EV +1)
One of your tentacles bears a large vicious spike.


   Skills:
 - Level 2.6 Fighting
 + Level 3.8 Axes
 - Level 2.0 Dodging
 - Level 3.0 Unarmed Combat
 - Level 2.0 Spellcasting
 - Level 2.0 Transmutations


You had 7 spell levels left.
You knew the following spells:

 Your Spells              Type           Power        Failure   Level  Hunger
a - Beastly Appendage     Tmut           #.....       9%          1    #......

Inventory:

Hand Weapons
 f - a +0 whip
 Y - a -1 hand axe (weapon)
Wands
 a - a wand of flame (40)
Scrolls
 g - 2 scrolls of identify
Books
 b - a book of Changes

   Spells                             Type                      Level
   a - Beastly Appendage              Transmutation                1
   b - Sticks to Snakes               Transmutation                2
   c - Spider Form                    Transmutation/Poison         3
   d - Ice Form                       Ice/Transmutation            4
   e - Blade Hands                    Transmutation                5
Comestibles
 c - 2 chunks of flesh

Dungeon Overview and Level Annotations

Branches:
Dungeon (2/15)

Altars:


Message History

You barely miss the quasit. Your grab misses the quasit.
The quasit is severely wounded.
The quasit bites you.
You feel clumsy. The quasit barely misses you. The quasit claws you.
You feel clumsy. The quasit closely misses you. The quasit claws you.
You feel clumsy. The quasit closely misses you.
You barely miss the quasit. Your grab misses the quasit.
The quasit is heavily wounded.
The quasit closely misses you. The quasit barely misses you.
The quasit closely misses you.
You closely miss the quasit. Your grab misses the quasit.
Your tentacle spike misses the quasit.
The quasit is heavily wounded.
The quasit barely misses you. x2; The quasit claws you.
You feel clumsy.
You have lost your dexterity.
The quasit bites you.
You die...

# # ## ########## .##
#.....)..# #.## #####
#.######.#
##.#######...###########.#
#.#
...........#..........<).#
#.#
##.######....#############
###.# #.##
####.#.....@5.....######....
.##
#.......######.............#
## #.......# ..........># #
#.........# #######..#
#.#........# #..# #
#...#...... #.##
#........### #.#
#...>....############## #.#
####.##...............# #.#


You could see a quasit.

Vanquished Creatures
  An iguana (D:2)
  A worker ant (D:2)
  4 adders (D:2)
  A dart slug (D:1)
  A leopard gecko (D:1)
  A ball python (D:2)
  7 bats
  4 giant cockroaches
  5 goblins (D:1)
  4 hobgoblins
  2 jackals (D:1)
  7 kobolds
  2 frilled lizards
  5 rats
45 creatures vanquished.

Notes
Turn   | Place    | Note
-------+----------+-------------------------------------------
     0 | D:1      | KleinerIrrer the Octopode Transmuter began the quest for the Orb.
     0 | D:1      | Reached XP level 1. HP: 13/13 MP: 3/3
     0 | D:1      | 0 ||| counter = 83
    40 | D:1      | 40 ||| CASTING Beastly Appendage
    55 | D:1      | 55 ||| Wielding weapon club.
    64 | D:1      | 64 ||| SWAPPING to whip.
    65 | D:1      | 65 ||| DROPPING +0 club.
    68 | D:1      | 68 ||| CASTING Beastly Appendage
   297 | D:1      | 297 ||| CASTING Beastly Appendage
   345 | D:1      | 345 ||| CASTING Beastly Appendage
   351 | D:1      | Reached XP level 2. HP: 15/19 MP: 3/5
   600 | D:1      | 600 ||| CASTING Beastly Appendage
   615 | D:1      | 615 ||| CASTING Beastly Appendage
   636 | D:1      | 636 ||| CASTING Beastly Appendage
   691 | D:1      | 691 ||| CASTING Beastly Appendage
   708 | D:1      | 708 ||| SWAPPING to glowing hand axe.
   737 | D:1      | 737 ||| CASTING Beastly Appendage
   763 | D:1      | 763 ||| CASTING Beastly Appendage
   783 | D:1      | 783 ||| CASTING Beastly Appendage
   808 | D:1      | 808 ||| CASTING Beastly Appendage
   811 | D:1      | Reached XP level 3. HP: 25/25 MP: 4/6
   861 | D:1      | 861 ||| CASTING Beastly Appendage
   862 | D:1      | 862 ||| CASTING Beastly Appendage
   866 | D:1      | Reached skill level 1 in Axes
   947 | D:1      | 947 ||| CASTING Beastly Appendage
   991 | D:1      | 991 ||| CASTING Beastly Appendage
   992 | D:1      | 992 ||| CASTING Beastly Appendage
  1047 | D:1      | 1047 ||| CASTING Beastly Appendage
  1076 | D:1      | 1076 ||| CASTING Beastly Appendage
  1077 | D:1      | 1077 ||| CASTING Beastly Appendage
  1113 | D:1      | 1113 ||| CASTING Beastly Appendage
  1245 | D:1      | 1245 ||| CASTING Beastly Appendage
  1275 | D:1      | 1275 ||| CASTING Beastly Appendage
  1276 | D:1      | 1276 ||| CASTING Beastly Appendage
  1313 | D:1      | 1313 ||| CASTING Beastly Appendage
  1314 | D:1      | 1314 ||| CASTING Beastly Appendage
  1370 | D:1      | 1370 ||| CASTING Beastly Appendage
  1498 | D:1      | 1498 ||| READING scroll labeled ZYSHOCRICUA.
  1499 | D:1      | 1499 ||| READING 3 scrolls labeled MEWAGEFETH.
  1500 | D:1      | 1500 ||| DROPPING 36 arrows.
  1501 | D:1      | 1501 ||| DROPPING scroll of fog.
  1528 | D:2      | 1528 ||| CASTING Beastly Appendage
  1534 | D:2      | Reached XP level 4. HP: 19/30 MP: 5/7
  1709 | D:2      | 1709 ||| CASTING Beastly Appendage
  1710 | D:2      | 1710 ||| CASTING Beastly Appendage
  1747 | D:2      | 1747 ||| CASTING Beastly Appendage
  1762 | D:2      | 1762 ||| CASTING Beastly Appendage
  1764 | D:2      | 1764 ||| STAIRDANCE
  1785 | D:2      | 1785 ||| CASTING Beastly Appendage
  1790 | D:2      | 1790 ||| STAIRDANCE
  1810 | D:2      | 1810 ||| CASTING Beastly Appendage
  1865 | D:2      | 1865 ||| CASTING Beastly Appendage
  1908 | D:2      | 1908 ||| CASTING Beastly Appendage
  2104 | D:2      | 2104 ||| CASTING Beastly Appendage
  2111 | D:2      | Reached skill level 3 in Axes
  2317 | D:2      | 2317 ||| EATING ration.
  2345 | D:2      | 2345 ||| CASTING Beastly Appendage
  2381 | D:2      | 2381 ||| CASTING Beastly Appendage
  2404 | D:2      | 2404 ||| CASTING Beastly Appendage
  2421 | D:2      | 2421 ||| CASTING Beastly Appendage
  2460 | D:2      | 2460 ||| CASTING Beastly Appendage
  2465 | D:2      | Reached XP level 5. HP: 33/35 MP: 6/8
  2505 | D:2      | 2505 ||| CASTING Beastly Appendage
  2518 | D:2      | 2518 ||| STAIRDANCE
  2530 | D:1      | 2530 ||| READING scroll labeled HITA YMEAL.
  2531 | D:1      | 2531 ||| REMOVING +1 buckler.
  2536 | D:1      | 2536 ||| DROPPING +1 buckler.
  2637 | D:2      | 2637 ||| CASTING Beastly Appendage
  2641 | D:2      | 2641 ||| STAIRDANCE
  2647 | D:1      | 2647 ||| CASTING Beastly Appendage
  2682 | D:2      | 2682 ||| CASTING Beastly Appendage
  2816 | D:2      | 2816 ||| CASTING Beastly Appendage
  2830 | D:2      | 2830 ||| CASTING Beastly Appendage
  2832 | D:2      | 2832 ||| STAIRDANCE
  2857 | D:2      | 2857 ||| STAIRDANCE
  2991 | D:2      | 2991 ||| CASTING Beastly Appendage
  3000 | D:2      | HP: 8/35 [quasit (1)]
  3002 | D:2      | HP: 3/35 [quasit (2)]
  3004 | D:2      | HP: 1/35 [quasit (2)]
  3004 | D:2      | Lost dexterity.
  3004 | D:2      | Slain by a quasit

Vault maps used:
D:1:      eino_arrival_cavern_b, minmay_door_square
D:2:      elyvilon_altar_4

Skill      XL: |  1  2  3  4 |
---------------+-------------+-----
Fighting       | 2 |  2.6
Axes           | 2 3 |  3.8
Dodging        | |  2.0
Unarmed Combat | |  3.0
Spellcasting   | |  2.0
Transmutations | |  2.0

Action                   |  1- 3 |  4- 6 || total
-------------------------+-------+-------++-------
Melee: Whip              |    27 |       ||    27
       Constrict         |    17 |    11 ||    28
       Kick              |    12 |    10 ||    22
       Unarmed           |     1 |       ||     1
       Hand axe          |    37 |    64 ||   101
       Tentacles         |     6 |     7 ||    13
       Punch             |       |     1 ||     1
 Cast: Beastly Appendage |    22 |    19 ||    41
  Use: Scroll            |     4 |     1 ||     5
  Eat: Chunk             |     2 |     2 ||     4
       Ration            |       |     1 ||     1
Armor: Skin              |     4 |    10 ||    14
Dodge: Dodged            |    36 |    59 ||    95
Block: Buckler           |     9 |     9 ||    18

Table legend:
 A = Spawn XP
 B = Non-spawn XP
 C = Spawn XP percentage of total XP
 D = Spawn monster count
 E = Non-spawn monster count
 F = Spawn count percentage of total count
 G = Total turns spent on level
                    A         B        C        D         E        F      G
               +---------+---------+-------+---------+---------+-------+---------
         Total |       0 |     192 |   0.0 |       0 |      45 |   0.0 |  3004
               +---------+---------+-------+---------+---------+-------+---------
           D:1 |       0 |      51 |   0.0 |       0 |      28 |   0.0 |  1635
           D:2 |       0 |     141 |   0.0 |       0 |      17 |   0.0 |  1369
               +---------+---------+-------+---------+---------+-------+---------
